AoeStats
← 从不压堡之人

Pilgrims

509869298Analyzed
4v4 RM · 3d ago on Sep 28, 2026· 20m 46s· 8 players
Game mode
Random Map
Map size
Large (8 player)
Population
200
Speed
Normal
Resources
Standard
Victory
Conquest
Starting age
Dark Age
Ending age
Imperial Age
RankedLock teamsTeams togetherTeam positionsShared explorationLock speedFull tech treeHidden civsTurbo modeCheats
Victory
Defeat
🇨🇳 Franks · China
1203
+14
🇿🇦 Varangians · South Africa
1177
+15
🇷🇺 Wu · Russia
1161
+15
🇫🇷 Poles · France
1145
+16
🇨🇳 Inca · China
1287
-20
1178
-16
🇨🇳 Italians · China
1090
-13
🇨🇳 Spanish · China
1046
-11
[-----3cm-----]
12:11 Feudal Age
13:59 Fishing Lines
19:12 Castle Age
17:04 Double-Bit Axe
20:57 Medium Warships
20:39 Gillnets
KKUSH-PANIER
7:16 Loom
13:30 Feudal Age
14:06 Double-Bit Axe
14:40 Fishing Lines
1097962590
4:24 Loom
12:35 Feudal Age
13:52 Double-Bit Axe
Smitealot_aoe
9:59 Loom
14:12 Feudal Age
19:34 Castle Age
19:19 Horse Collar
19:34 Gold Mining
我不是蓝精灵
5:13 Loom
11:07 Feudal Age
11:49 Town Watch
12:43 Double-Bit Axe
13:21 Fishing Lines
15:47 Castle Age
14:46 Wheelbarrow
16:17 Horse Collar
17:08 Gillnets
17:40 Bow Saw
18:22 Hand Cart
19:20 Heavy Plow
23:27 Imperial Age
从不压堡之人
4:23 Loom
12:51 Feudal Age
13:32 Double-Bit Axe
13:28 Fishing Lines
16:32 Castle Age
15:35 Forging
17:35 Bow Saw
17:16 Gillnets
17:40 Medium Warships
18:35 Wheelbarrow
20:37 Imperial Age
18:53 Gold Mining
20:12 Iron Casting
19:54 Clinker Construction
20:52 Ballistics
20:44 Town Watch
21:34 Wheelbarrow
叫声乌鸦哥
6:32 Loom
8:46 Feudal Age
9:13 Town Watch
9:17 Double-Bit Axe
9:39 Fishing Lines
10:14 Fletching
20:02 Castle Age
18:23 Scale Mail Armor
20:55 Bow Saw
20:35 Gillnets
21:38 Wheelbarrow
我独自送头 Solo Feeding
5:57 Loom
9:25 Feudal Age
11:22 Double-Bit Axe
11:57 Bloodlines
13:47 Horse Collar
15:44 Scale Barding Armor
19:30 Forging
Connection lost

Rejoining the realm…

Still unreachable

The connection could not be restored.

Session expired

The server has moved on; the page needs a fresh start.